Map: [ESL] Waterfall

Players

Bunny

  • Race: Terran Terran
  • Spawn Location: 7:00

SpeCial - Winner!

  • Race: Terran Terran
  • Spawn Location: 1:00

Event: DreamHack SC2 Masters 2022 Valencia

VOD

Have the link to the VOD?

Description

Time

  • Played on: July 1, 2022, 12:44 p.m.
  • Length: 8:29

All games in this series

Show
View Real Time Build Order
Export as new Build Order

Bunny Terran 

Build Orders:  

Get SALT Encoding   

  12  0:00  SCV  
  13  0:12  SCV  
  14  0:17  Supply Depot  
  14  0:24  SCV  
  15  0:38  SCV  
  15  0:39  Barracks  
  15  0:42  Refinery  
  16  0:50  SCV  
  16  0:52  Refinery  
  17  1:03  SCV  
  18  1:15  SCV  
  19  1:26  Reaper  
  19  1:27  Orbital Command  
  19  1:31  Supply Depot  
  20  1:43  Factory  
  20  1:52  SCV  
  21  1:58  Reaper  
  22  2:04  SCV  
  23  2:17  SCV  
  24  2:23  Command Center  
  24  2:28  Hellion  
  26  2:30  SCV  
  26  2:33  Reaper  
  28  2:38  Supply Depot  
  28  2:43  SCV  
  29  2:50  Starport  
  29  2:55  Widow Mine  
  31  2:59  SCV  
  32  3:06  Barracks Reactor  
  32  3:11  SCV  
  33  3:17  Factory Tech Lab  
  33  3:24  SCV  
  33  3:26  Starport Tech Lab  
  34  3:31  Refinery  
  34  3:36  SCV  
  34  3:38  Orbital Command  
  33  3:41  Cyclone  
  33  3:43  Marine  
  33  3:44  Marine  
  33  3:48  SCV  
  39  3:57  Raven  
  39  4:00  SCV  
  39  4:01  Marine x2  
  44  4:04  SCV  
  45  4:12  SCV  
  45  4:15  Siege Tank  
  48  4:17  SCV  
  48  4:19  Marine x2  
  48  4:23  Supply Depot  
  51  4:26  SCV  
  51  4:29  SCV  
  53  4:37  Marine  
  54  4:40  Command Center  
  54  4:43  Supply Depot  
  54  4:45  Raven, SCV x2, Marine  
  59  4:49  Supply Depot  
  59  4:54  Siege Tank  
  62  5:02  SCV x2  
  62  5:03  Refinery  
  62  5:04  Marine x2  
  64  5:09  Supply Depot  
  64  5:15  SCV x2  
  66  5:26  Siege Tank  
  66  5:28  SCV x2  
  71  5:34  Supply Depot x2  
  71  5:37  Viking x2  
  71  5:38  Marine  
  71  5:39  Stimpack  
  75  5:42  SCV  
  75  5:43  SCV  
  76  5:53  Orbital Command  
  76  5:54  SCV  
  76  5:55  SCV  
  76  5:56  Marine  
  79  5:57  Supply Depot  
  79  5:58  Siege Tank  
  82  6:07  Viking x2  
  86  6:15  Starport  
  86  6:16  Marine  
  87  6:22  Supply Depot  
  87  6:31  Siege Tank  
  90  6:34  Marine  
  90  6:37  Viking x2  
  95  6:40  Supply Depot  
  95  6:49  Barracks  
  95  6:50  Barracks  
  95  6:54  Viking  
  95  6:57  SCV x2  
  97  7:07  Viking x2  
  91  7:11  Siege Tank  
  91  7:14  Orbital Command  
  92  7:16  Marine  
  92  7:18  SCV x2  
  95  7:25  Viking  
  95  7:27  Supply Depot  
  97  7:32  SCV x2  
  99  7:37  Viking x2  
  103  7:49  Siege Tank  
  101  7:52  SCV x2  
  101  7:54  SCV  
  101  7:55  Viking  
  106  7:59  Engineering Bay, Barracks Reactor x2  
  106  8:01  Engineering Bay  
  106  8:04  SCV  
  106  8:05  SCV  
  108  8:06  SCV  
Show
View Real Time Build Order
Export as new Build Order

SpeCial Terran - Winner!

Build Orders:  

Get SALT Encoding   

  12  0:00  SCV  
  13  0:12  SCV  
  14  0:17  Supply Depot  
  14  0:24  SCV  
  15  0:38  SCV  
  15  0:39  Barracks  
  16  0:43  Refinery  
  16  0:50  SCV  
  16  0:52  Refinery  
  17  1:03  SCV  
  18  1:15  SCV  
  19  1:27  Orbital Command, Reaper  
  19  1:30  Supply Depot  
  20  1:42  Factory  
  20  1:53  SCV  
  21  1:59  Reaper  
  22  2:05  SCV  
  23  2:17  SCV  
  24  2:23  Command Center  
  24  2:29  Hellion  
  26  2:31  SCV  
  26  2:34  Reaper  
  28  2:43  Supply Depot  
  28  2:44  SCV  
  29  2:51  Hellion  
  31  3:05  SCV  
  32  3:06  Starport  
  32  3:08  Barracks Tech Lab  
  32  3:12  Factory Tech Lab  
  32  3:17  SCV  
  33  3:23  Refinery  
  33  3:29  SCV  
  30  3:36  Cyclone  
  30  3:40  Orbital Command  
  32  3:41  SCV  
  32  3:45  Barracks Reactor  
  31  3:48  Raven  
  31  3:49  Refinery  
  31  3:53  SCV  
  34  3:57  Supply Depot  
  34  4:07  SCV  
  34  4:08  SCV  
  36  4:12  Cyclone  
  39  4:19  SCV  
  39  4:21  SCV, Marine x2  
  43  4:31  Raven, SCV  
  43  4:33  SCV  
  43  4:35  Starport  
  47  4:40  Marine x2  
  47  4:41  Supply Depot  
  47  4:43  SCV  
  47  4:45  SCV  
  51  4:48  Siege Tank  
  54  4:59  SCV  
  55  5:02  Marine x2  
  55  5:06  SCV  
  57  5:08  Supply Depot  
  57  5:11  SCV  
  58  5:14  Raven  
  58  5:18  SCV  
  58  5:20  Siege Tank  
  64  5:23  SCV  
  64  5:27  Viking, Marine  
  68  5:28  Viking  
  68  5:31  SCV  
  71  5:35  SCV, Supply Depot  
  72  5:43  SCV  
  72  5:45  Marine  
  72  5:46  Supply Depot  
  72  5:47  SCV  
  75  5:55  SCV  
  76  5:57  Viking x2  
  76  5:58  Viking  
  76  6:00  SCV  
  76  6:02  Supply Depot  
  76  6:03  Marine  
  83  6:11  Siege Tank  
  86  6:13  Supply Depot  
  86  6:14  SCV x2  
  87  6:21  Marine  
  87  6:23  Supply Depot  
  87  6:25  Supply Depot  
  88  6:26  SCV x2  
  88  6:31  Viking x2  
  94  6:36  Liberator  
  94  6:38  Marine  
  98  6:43  SCV x2, Siege Tank  
  103  6:56  Marine  
  104  7:08  Command Center  
  100  7:11  Viking  
  100  7:12  Viking  
  100  7:14  Marine  
  100  7:15  Siege Tank  
  108  7:17  SCV x2  
  108  7:19  Viking  
  112  7:29  SCV x2  
  114  7:31  Supply Depot  
  114  7:32  Marine  
  115  7:41  Viking  
  115  7:43  SCV x2  
  119  7:47  Viking, Siege Tank  
  116  7:51  Viking  
  116  7:55  SCV x2  
  117  8:07  SCV x2  

Tags
 
Add a new tag
Caveats
  • Supply blocks, unpowered buildings, or Contaminate may cause inaccurate times.
  • Supply counts are checked every 10 seconds.